 Dungeon Crawl Stone Soup version 0.26.1-2-gb8aa6d0cf2 (webtiles) character file.

Game seed: 14873877419882131042

63 Gadfly the Skirmisher (level 4, -4/28 HPs)
             Began as a Gargoyle Fighter on Feb 17, 2021.
             Slain by a gnoll
             ... wielding a cursed -3 halberd
              (8 damage)
             ... on level 2 of the Dungeon.
             The game lasted 00:01:13 (1132 turns).

Gadfly the Skirmisher (Gargoyle Fighter)            Turns: 1132, Time: 00:01:14

Health: -4/28      AC: 11    Str: 21    XL:     4   Next: 10%
Magic:  5/5        EV:  7    Int:  8    God:
Gold:   45         SH:  9    Dex:  9    Spells: 3/3 levels left

rFire    . . .     SeeInvis .   a - +1 flail
rCold    . . .     Faith    .   c - +0 kite shield
rNeg     + . .     Spirit   .   b - +0 scale mail
rPois    ∞         Reflect  .   (no helmet)
rElec    +         Harm     .   (no cloak)
rCorr    .         Rampage  .   (no gloves)
Will     .....                  j - +0 pair of boots
Stlth    ..........             (no amulet)
HPRegen  0.09/turn              (no ring)
MPRegen  0.09/turn              (no ring)

@: no status effects
A: negative energy resistance 1, electricity resistance, unbreathing,
petrification resistance, miasma immunity, AC +3
a: no special abilities


You were on level 2 of the Dungeon.
You visited 1 branch of the dungeon, and saw 2 of its levels.

You collected 45 gold pieces.

Inventory:

Hand Weapons
 a - a +1 flail (weapon)
Armour
 b - a +0 scale mail (worn)
 c - a +0 kite shield (worn)
 j - a +0 pair of boots (worn)
Potions
 d - a potion of might
 e - a potion of curing {unknown}
 f - a potion of berserk rage
 g - a potion of attraction {unknown}


   Skills:
 + Level 3.6 Fighting
 * Level 2.6 Maces & Flails
 + Level 3.5 Armour
 + Level 3.6 Shields
 * Level 1.5 Invocations
 * Level 1.2 Evocations


You had 3 spell levels left.
You didn't know any spells.
Your spell library was empty.

Dungeon Overview and Level Annotations

Branches:
Dungeon (2/15)

Altars:


Innate Abilities, Weirdness & Mutations

You are resistant to torment.
Your stone body is resilient. (AC +3)
You are immune to poison.
You resist negative energy. (rN+)
You are resistant to electric shocks. (rElec)
You can survive without breathing.
You are immune to petrification.
You are immune to miasma.


Message History

The goblin shoots a stone.
The stone closely misses you.
You see here a stone.
You block the gnoll's attack.
The goblin shoots a stone.
The stone barely misses you.
The goblin shoots a stone.
You block the stone.
A goblin comes into view. It is wielding a +0 dagger.
The goblin shouts!
The goblin shoots a stone.
The stone barely misses you.
The stone hits the gnoll but does no damage.
The goblin shoots a stone.
The stone hits you.
* * * LOW HITPOINT WARNING * * *
The goblin unwields a +0 hunting sling.
You block the goblin's attack.
You closely miss the goblin. You block the goblin's attack.
You block the gnoll's attack. The goblin hits you but does no damage.
You barely miss the goblin. You block the gnoll's attack.
You block the goblin's attack.
You hit the goblin.
You kill the goblin!
The gnoll hits you from afar with a cursed -3 halberd!
You die...

+..#
*,****,********,*,
#..# #.#
*,,,,,,,,,,*, +..#
#.#***,**********,
#..#
#..,,,,,,,,,,,,,,,
...#
#.#**,,,,,,,,,,,,,
...# #.#
**************
#.## #g# #.# #)#
#.# #@# #.# #.#
#g# #g# #.# #g#
#.# #.#
#.##############(#
#............g.((#
##################


You could see 2 gnolls and a goblin.

Vanquished Creatures
  A gnoll (D:2)
  2 adders (D:2)
  A worm (D:2)
  A dart slug (D:1)
  3 bats
  6 goblins
  3 hobgoblins
  4 jackals
  4 frilled lizards (D:1)
  4 kobolds
  4 rats
33 creatures vanquished.

Notes
Turn   | Place    | Note
-------+----------+-------------------------------------------
     0 | D:1      | Gadfly the Gargoyle Fighter began the quest for the Orb.
     0 | D:1      | Reached XP level 1. HP: 14/14 MP: 1/1
   212 | D:1      | Reached XP level 2. HP: 9/19 MP: 2/2
   790 | D:1      | Reached skill level 1 in Invocations
   876 | D:2      | Reached XP level 3. HP: 20/23 MP: 3/3
   985 | D:2      | Reached skill level 1 in Evocations
  1087 | D:2      | Reached XP level 4. HP: 27/28 MP: 3/5
  1132 | D:2      | Slain by a gnoll

Illustrated notes

Levels and vault maps discovered:
D:1:      scummos_arrival_simple_crosswalls, layout_loops_cross
D:2:      layout_basic, minivault_5, minmay_rat_gold_closets

Skill      XL: |  1  2  3 |
---------------+----------+-----
Invocations    | 1 |  1.5
Evocations     | 1 |  1.2
Fighting       | |  3.6
Maces & Flails | |  2.6
Armour         | |  3.5
Shields        | |  3.6

Action                   |  1- 3 |  4- 6 || total
-------------------------+-------+-------++-------
Melee: Flail             |   105 |     9 ||   114
  Use: Scroll            |     4 |       ||     4
Armor: Scale mail        |    62 |     3 ||    65
Dodge: Dodged            |    27 |     6 ||    33
Block: Kite shield       |    68 |    13 ||    81
